 Dungeon Crawl Stone Soup version 0.31-a0-182-gc5ef74bbde (webtiles) character file.

Game seed: 1420062937514728769

88 qw the Chopper (level 4, -3/28 HPs)
             Began as a Gargoyle Fighter on June 21, 2023.
             Killed by nerve-wracking pain
             ... invoked by Grinder
              (4 damage)
             ... on level 3 of the Dungeon.
             The game lasted 00:00:58 (1746 turns).

qw the Chopper (Gargoyle Fighter)                   Turns: 1746, Time: 00:00:59

Health: -3/28      AC: 11    Str: 22    XL:     4   Next: 53%
Magic:  4/4        EV:  9    Int:  8    God:
Gold:   117        SH:  4    Dex:  9    Spells: 3/3 levels left

rFire   . . .        Y - +0 war axe
rCold   . . .        c - +0 buckler
rNeg    + . .        b - +0 scale mail
rPois   inf          f - +0 helmet
rElec   +            (no cloak)
rCorr   .            (no gloves)
SInv    .            (no boots)
Will    .....        (no amulet) Stlth
                     (no ring)
HPRegen 0.24/turn    (no ring)
MPRegen 0.09/turn

%: no passive effects
@: no status effects
A: sickness immunity, AC +3, negative energy resistance 1, electricity
resistance, torment resistance 1, petrification resistance
a: no special abilities


You were on level 3 of the Dungeon.
You visited 1 branch of the dungeon, and saw 3 of its levels.

You collected 117 gold pieces.


Innate Abilities, Weirdness & Mutations

You are immune to sickness and miasma.
Your stone body is resilient. (AC +3)
You are immune to poison.
You resist negative energy. (rN+)
You are resistant to electric shocks. (rElec)
You are resistant to unholy torment.
You are immune to petrification.


   Skills:
 - Level 3.2 Fighting
 + Level 4.2 Axes
 - Level 3.2 Armour
 - Level 3.2 Shields


You had 3 spell levels left.
You didn't know any spells.
Your spell library was empty.

Inventory:

Hand Weapons
 g - a +0 whip
 Y - a +0 war axe (weapon)
Armour
 b - a +0 scale mail (worn)
 c - a +0 buckler (worn)
 f - a +0 helmet (worn)
Scrolls
 a - a scroll of identify
Potions
 d - a potion of might
 e - a potion of curing

Dungeon Overview and Level Annotations

Branches:
Dungeon (3/15)

Altars:
Vehumet

Annotations:
D:3 Grinder


Message History

Grinder is moderately wounded.
You barely miss the frilled lizard.
The frilled lizard bites you but does no damage.
Grinder completely misses you.
You closely miss Grinder.
Grinder is moderately wounded.
You closely miss the frilled lizard. The frilled lizard closely misses you.
Grinder closely misses you.
You slash Grinder!
Grinder is severely wounded.
You slash the frilled lizard!
You kill the frilled lizard!
Grinder closely misses you.
Grinder drinks a potion.
Grinder is healed!
You completely miss Grinder.
Grinder is moderately wounded.
Grinder hits you but does no damage.
You hit Grinder.
Grinder is moderately wounded.
Grinder hits you but does no damage.
You hit Grinder but do no damage.
Grinder is moderately wounded.
Grinder grins, showing sharp teeth.
Grinder hits you but does no damage. Grinder hits you.
You writhe in agony.
You completely miss Grinder.
Grinder is moderately wounded.
Grinder hits you but does no damage.
You barely miss Grinder.
Grinder is moderately wounded.
Grinder hits you!
You writhe in agony.
You closely miss Grinder.
Grinder is moderately wounded.
Grinder hits you.
You writhe in agony.
Grinder hits you.
You writhe in agony.
You hit Grinder.
Grinder is heavily wounded.
Grinder drinks a potion.
Grinder is healed!
You slash Grinder!
Grinder is severely wounded.
Grinder gestures at you. Pain shoots through your body!
You die...

.. .# ## ..## ... #..#
.... #..#############
.....#..#.##........## #
......5.#............# #
.....#@#..#......#....#
........................
.....###......#######. #
.... ##.......# #.## ###
#..#.#>.## #...
.........###########
....................
................####.
..........######..####


You could see Grinder.

Vanquished Creatures
  Jessica (D:2)
  2 worms
  A dart slug (D:2)
  5 endoplasms
  3 giant cockroaches
  7 goblins
  4 hobgoblins
  4 kobolds
  3 quokkas
  4 ball pythons (D:2)
  9 bats
  3 frilled lizards
  3 rats
49 creatures vanquished.

Notes
Turn   | Place    | Note
-------+----------+-------------------------------------------
     0 | D:1      | qw the Gargoyle Fighter began the quest for the Orb.
     0 | D:1      | Reached XP level 1. HP: 14/14 MP: 1/1
     0 | D:1      | 0 ||| qw: Version: 0.3-a-9-g12657ce
     0 | D:1      | 0 ||| qw: Game counter: 1558
     0 | D:1      | 0 ||| qw: Always use a shield: true
     0 | D:1      | 0 ||| qw: God list: Okawaru
     0 | D:1      | 0 ||| qw: Allow faded altars: false
     0 | D:1      | 0 ||| qw: Do Orc after D:15 true
     0 | D:1      | 0 ||| qw: Do second Lair branch before Depths: true
     0 | D:1      | 0 ||| qw: Lair rune preference: random
     0 | D:1      | 0 ||| qw: Plans: Normal, Zot:1-4, Slime:5, God:TSO, Crypt,
                  | Tomb, Abyss, Pan, Hells, Win
     0 | D:1      | 0 ||| PLANNING D:1-11
    49 | D:1      | Reached skill level 2 in Axes
   151 | D:1      | Reached XP level 2. HP: 12/19 MP: 2/2
   299 | D:1      | 299 ||| DROPPING +0 club.
   568 | D:1      | Reached skill level 3 in Axes
   636 | D:1      | Found a faded altar of an unknown god.
   809 | D:1      | Reached XP level 3. HP: 23/23 MP: 3/3
   899 | D:1      | 899 ||| READING scroll labelled ECLE UNKU BYA.
   900 | D:1      | 900 ||| READING scroll labelled JUGUKEF RELE.
   901 | D:1      | 901 ||| READING scroll labelled COISAC XAET.
  1029 | D:2      | 1029 ||| STAIRDANCE
  1068 | D:2      | 1068 ||| Stepping ~*~*~tactically~*~*~ (hiding).
  1069 | D:2      | 1069 ||| Stepping ~*~*~tactically~*~*~ (hiding).
  1076 | D:2      | 1076 ||| Stepping ~*~*~tactically~*~*~ (hiding).
  1260 | D:2      | Found a radiant altar of Vehumet.
  1466 | D:2      | 1466 ||| Stepping ~*~*~tactically~*~*~ (stealth).
  1467 | D:2      | Noticed Jessica
  1477 | D:2      | Killed Jessica
  1478 | D:2      | Reached skill level 4 in Axes
  1478 | D:2      | Reached XP level 4. HP: 25/28 MP: 4/4
  1591 | D:2      | 1591 ||| Stepping ~*~*~tactically~*~*~ (stealth).
  1664 | D:2      | 1664 ||| UPGRADING to +0 helmet.
  1669 | D:2      | 1669 ||| READING 2 scrolls labelled OMANE XIOLEAR.
  1670 | D:2      | 1670 ||| DRINKING 2 puce potions.
  1730 | D:3      | Noticed Grinder
  1744 | D:3      | HP: 5/28 [Grinder (3)]
  1744 | D:3      | HP: 1/28 [Grinder (2)]
  1746 | D:3      | Killed from afar by Grinder

Levels and vault maps discovered:
D:1:      minmay_arrival_four_houses, layout_basic,
          shapermc_ecumenical_altar_mp_vishouse
D:2:      layout_basic, basic_altar, uniq_jessica
D:3:      kennysheep_six_static_rooms, layout_rooms,
          ebering_ghost_disaster_area, st_stairs_3, uniq_ijyb, uniq_grinder

Skill      XL: |  1  2  3 |
---------------+----------+-----
Axes           | 2 3 4 |  4.2
Fighting       | |  3.2
Armour         | |  3.2
Shields        | |  3.2

Action                     |  1- 3 |  4- 6 || total
---------------------------+-------+-------++-------
  Melee: War axe           |   144 |    36 ||   180
    Use: Scroll            |     3 |     1 ||     4
         Potion            |       |     1 ||     1
 Armour: Scale mail        |    64 |    17 ||    81
  Dodge: Dodged            |    63 |    13 ||    76
  Block: Buckler           |    29 |     4 ||    33

Table legend:
 A = Non-vault XP
 B = Vault XP
 C = Vault XP percentage of total XP
 D = Non-vault monster count
 E = Vault monster count
 F = Vault count percentage of total count
                 A         B        C        D         E       F
            +---------+---------+-------+---------+---------+-------
      Total |      89 |      37 |  29.4 |      48 |       1 |   2.0
            +---------+---------+-------+---------+---------+-------
        D:1 |      41 |       0 |   0.0 |      22 |       0 |   0.0
        D:2 |      46 |      37 |  44.6 |      24 |       1 |   4.0
        D:3 |       2 |       0 |   0.0 |       2 |       0 |   0.0
            +---------+---------+-------+---------+---------+-------
